Neld, neutral female human Valkyrie ---------- -------- --........| |......| #+.........| ----- #-......| #|`....<...| ##.....#####|......| #|#........| # |{..| --|----- #.........-- ####.....### #### #-.-------- # #----- # ######### # # ## # # # # # ----.--- # # ## # # |......| #### -|---#### |.----.| ---------# |..#|## |.| |.| -----+-----.- |}}......# |...-## |.----..#############-...!)%)%%@%| |.}}....|# |...| |*.....| |..%.%%%=[)h| |..}....-# ----- -------- |..%..[.f%.o| --------- ------------- Neld the Fighter Experience level: 6 Strength: 18/03 Dexterity: 12 Constitution: 18 Intelligence: 8 Wisdom: 8 Charisma: 8 Health: 0(66) Energy: 14(14) Def: 6 Gold: 568 Moves: 1281 Dungeon seed: 97Hs4JllEoGlxWRp Game ID: Neld_1593025821 Your Inventory: Coins $ - 568 gold pieces Weapons a - an uncursed +2 silver spear (weapon in hand) b - an uncursed +0 dagger Armor e - an uncursed +3 small shield (being worn) n - an uncursed +0 leather armor (being worn) q - a cursed -1 ring mail Comestibles d - an uncursed food ration o - an uncursed lichen corpse z - an uncursed fortune cookie Scrolls i - a blessed scroll of confuse monster l - an uncursed scroll of fire p - a cursed scroll of genocide s - an uncursed scroll of light u - a cursed scroll of scare monster w - an uncursed scroll of identify x - an uncursed scroll of taming A - an uncursed scroll of confuse monster Potions g - an uncursed potion of speed h - an uncursed potion of monster detection m - a cursed potion of sleeping Wands c - an uncursed wand of cold (0:5) v - a cursed wand of enlightenment (0:11) Tools f - an uncursed oil lamp (0:1176) j - an uncursed lock pick Spells and supernatural/magical abilities: Name Level Category Fail Memory W - pray for help -- divine ? -- Your skills at the end: Miscellaneous Skills shield [Basic] wands [Basic] Weapon Skills dagger [Basic] spear [Basic] Spellcasting Skills Final Attributes: You were devoutly aligned. You were cold resistant. You were very stealthy. You could fly. You are dead. Vanquished creatures: 7 bugbears an Uruk-hai a pony a fog cloud 5 gnome lords 3 kobold lords a jitterbug 2 geckos 5 hobgoblins a giant rat 7 gnomes 2 jackals a fox a kobold 4 newts a goblin 3 grid bugs a bat 4 lichens 51 creatures vanquished. Voluntary challenges: You did not adorn yourself with jewelry or accessories. You did not cause conflict. You were not invisible. You did not have reflection. You were not displaced. You used a wielded weapon 64 times, starting on turn 171. You did not apply a unicorn horn. You did not use plumbed fixtures. You did not drink any magical draughts. You were illiterate. You never genocided any monsters. You never polymorphed an object. You never changed form. You used no wishes. You never split a pudding. You never wrote Elbereth's name. You never violated your personal moral code. Dungeon overview: The Dungeons of Doom: levels 1 to 5 Level 1 some fountains a long staircase Level 2 a general store stairs to The Gnomish Mines Level 3 an altar to Tyr Level 4 an armor shop, some fountains Level 5 <- You were here a fountain, some sinks, a throne The Gnomish Mines: Level 3 stairs to The Dungeons of Doom History has recorded: On T:1 you entered the Dungeons of Doom to retrieve the Amulet of Yendor! On T:389 you reached level 2 of The Dungeons of Doom. On T:628 you reached level 1 of The Gnomish Mines. On T:630 you advanced to experience level 2. On T:663 you reached level 3 of The Dungeons of Doom. On T:706 you reached level 4 of The Dungeons of Doom. On T:836 you advanced to experience level 3. On T:941 you advanced to experience level 4. On T:988 you reached level 5 of The Dungeons of Doom. On T:1235 you advanced to experience level 5. On T:1267 you advanced to experience level 6. Score breakdown: Gold: 568 ( 56 points) Experience: 6 levels ( 500 points) Exploration: 5 levels ( 120 points) Discoveries: 0 items ( 0 points) Variety of kills: 19 monsters ( 950 points) Major goal: (nothing yet) ( 0 points) Survival: died (score multiplied by 3) Total score: 4878 Latest messages: You kill the gnome! There are a few objects here. The bugbear punches you! You jab the bugbear! The bugbear punches you! You kill the bugbear! You kill the hobgoblin! The bugbear punches you! You jab the bugbear! The bugbear turns to flee! You feel more confident in your weapon skills. You kill the bugbear! You see here an orcish helm. The gnome lord punches you! You kill the kobold lord! The gnome lord punches you! You kill the gnome! You kill the gnome lord! The bugbear punches you! You kill the kobold lord! The bugbear punches you! You die... Final status: Farvel Neld the Valkyrie, killed by a bugbear... You died in The Dungeons of Doom on dungeon level 5 with 4878 points, and 568 pieces of gold, after 1281 moves. You were level 6 with a maximum of 66 hit points when you died.